 Dungeon Crawl Stone Soup version 0.25-a0-410-g53dbb631d1 (webtiles) character file.

Game seed: 16986736172255281807, levelgen mode: deterministic

418 Napalmbreeze the Archer (level 6, 0/53 HPs)
             Began as a Centaur Hunter on Jan 13, 2020.
             Was an Initiate of Zin.
             Slain by a bullfrog (5 damage)
             ... in a sewer.
             The game lasted 00:09:33 (2791 turns).

Napalmbreeze the Archer (Centaur Hunter)            Turns: 2791, Time: 00:09:33

Health: 0/53       AC:  4    Str: 15    XL:     6   Next: 61%
Magic:  7/7        EV:  9    Int: 10    God:    Zin [......]
Gold:   143        SH:  0    Dex: 11    Spells: 5/5 levels left

rFire    . . .     SeeInvis .   a - +1 shortbow
rCold    . . .     Gourm    .   (shield currently unavailable)
rNeg     + . .     Faith    .   c - +0 leather armour
rPois    .         Spirit   .   (no helmet)
rElec    .         Reflect  .   (no cloak)
rCorr    .         Harm     .   (no gloves)
MR       .....                  (no barding)
Stlth    +.........             (no amulet)
HPRegen  0.17/turn              e - ring of positive energy
MPRegen  0.10/turn              k - ring of wizardry

@: hasted, very quick
A: large, hooves 3, deformed body, speed 2, tough skin 3
a: Donate Gold, Renounce Religion


You were in a sewer.
You worshipped Zin.
Zin was noncommittal.
You were not hungry.

You visited 1 branch of the dungeon, and saw 3 of its levels.
You also visited: Sewer.

You collected 158 gold pieces.
You donated 15 gold pieces to Zin.

Inventory:

Hand Weapons
 a - a +1 shortbow (weapon)
 b - a +0 spear
Missiles
 d - 6 arrows (quivered)
Armour
 c - a +0 leather armour (worn)
Jewellery
 e - a ring of positive energy (left hand)
 k - a ring of wizardry (right hand)
Scrolls
 i - 5 scrolls of identify
Potions
 h - a potion of haste
 l - a potion of resistance {unknown}
 m - a potion of curing {unknown}
Comestibles
 f - 7 rations
 g - 7 chunks of flesh


   Skills:
 + Level 4.5 Fighting
 + Level 8.5 Bows
 - Level 1.3 Dodging
 - Level 0.4 Stealth
 + Level 2.1 Invocations


You had 5 spell levels left.
You didn't know any spells.
Your spell library was empty.

Dungeon Overview and Level Annotations

Branches:
Dungeon (3/15)              Sewer (1/1)

Altars:
Gozag
Zin


Innate Abilities, Weirdness & Mutations

You have hooves in place of feet.
Armour fits poorly on your strangely shaped body.
You cover ground very quickly.
You have extremely tough skin. (AC +3)


Message History

You shoot an arrow. The arrow hits the bullfrog.
The bullfrog is moderately wounded.
The bullfrog barely misses you.
Firing (i - inventory)
d - 9 arrows (quivered)
Press: ? - help, Shift-Dir - straight line, f/p - bullfrog
Aim: a bullfrog (moderately wounded)
You shoot an arrow. The arrow hits the bullfrog!
The bullfrog is heavily wounded.
Firing (i - inventory)
d - 8 arrows (quivered)
Press: ? - help, Shift-Dir - straight line, f/p - bullfrog
Aim: a bullfrog (heavily wounded)
You shoot an arrow. The arrow closely misses the bullfrog.
The bullfrog closely misses you.
Firing (i - inventory)
d - 7 arrows (quivered)
Press: ? - help, Shift-Dir - straight line, f/p - bullfrog
Aim: a bullfrog (heavily wounded)
You shoot an arrow. The arrow hits the bullfrog!
The bullfrog is almost dead.
The bullfrog hits you.
You die...

#≈≈≈##≈≈≈≈.≈≈##≈.##
##≈.##≈≈≈≈..≈≈≈##≈≈##
#≈≈≈#≈≈≈≈≈÷≈.≈≈≈≈≈≈≈#
#≈≈##≈≈≈#######≈≈≈≈≈#
#≈≈#.≈.##≈..≈≈###≈#######
≈≈≈#.≈##≈.≈≈≈≈≈≈###≈≈.≈≈#
≈≈##≈≈# ≈≈..J...(.#≈≈÷.≈#
÷≈#≈≈## ..!≈.≈##F(#≈≈†..#
≈≈#≈≈# ..$s≈ #@≈#≈≈#≈≈#
.≈#≈≈# .[)S #≈≈#≈≈#≈≈#
..#≈≈# ... #≈≈##≈#≈≈#
≈≈#≈≈# ≈S #÷≈≈#≈#≈≈#
≈.#≈≈# ≈ #≈≈∩#.#.≈#
≈≈#≈≈## ##÷≈.#÷#≈≈#
≈≈##.≈# #.≈###†#≈≈#
≈≈≈#≈÷## ##≈≈#≈≈≈#÷.#
#≈.#≈≈≈## ##≈≈.#≈≈##.##


You could see a bullfrog.

Vanquished Creatures
  A bullfrog (Sewer)
  Jessica (D:2)
  4 gnolls (D:2)
  9 adders
  3 river rats (D:3)
  13 oozes (Sewer)
  3 worms
  5 dart slugs
  12 leopard geckos
  11 giant cockroaches
  4 goblins (D:1)
  13 hobgoblins
  2 quokkas (D:2)
  16 ball pythons
  3 bats (D:1)
  12 frilled lizards
  2 kobolds (D:2)
  3 rats
117 creatures vanquished.

Notes
Turn   | Place    | Note
-------+----------+-------------------------------------------
     0 | D:1      | Napalmbreeze the Centaur Hunter began the quest for the
                  | Orb.
     0 | D:1      | Reached XP level 1. HP: 17/17 MP: 1/1
   216 | D:1      | Reached XP level 2. HP: 25/25 MP: 2/2
   237 | D:1      | You fall into a shaft and drop 1 floor!
   537 | D:1      | Reached skill level 6 in Bows
   594 | D:1      | Reached XP level 3. HP: 27/30 MP: 3/3
  1207 | D:2      | Reached XP level 4. HP: 38/38 MP: 4/4
  1397 | D:2      | Noticed Jessica
  1422 | D:2      | Killed Jessica
  1501 | D:2      | Reached skill level 7 in Bows
  1512 | D:2      | Reached XP level 5. HP: 32/46 MP: 5/5
  1649 | D:2      | Found an opulent altar of Gozag.
  1650 | D:2      | Found a glowing silver altar of Zin.
  1665 | D:2      | Became a worshipper of Zin the Law-Giver
  1665 | D:2      | Reached * piety under Zin
  2053 | D:3      | Found a glowing drain.
  2136 | Sewer    | Entered a sewer
  2277 | Sewer    | Reached skill level 8 in Bows
  2429 | Sewer    | Reached XP level 6. HP: 52/52 MP: 6/6
  2446 | Sewer    | Reached skill level 1 in Invocations
  2791 | Sewer    | Slain by a bullfrog

Levels and vault maps discovered:
D:1:      lemuel_arrival_room, layout_basic
D:2:      layout_rooms, grunt_temple_overflow_gold_and_silver,
          kennysheep_generic_room_12, uniq_jessica
D:3:      layout_loops_cross, marbit_many_paths, lightli_sewer_entry_pipes,
          okawaru_ov_weapons_minmay, uniq_natasha
Sewer:    sewer_frog_island_02

Skill      XL: |  1  2  3  4  5  6 |
---------------+-------------------+-----
Bows           | 6 7 8 |  8.5
Fighting       | 3 4 |  4.5
Invocations    | 2 |  2.1
Dodging        | |  1.3
Stealth        | |  0.4

Action                   |  1- 3 |  4- 6 || total
-------------------------+-------+-------++-------
Melee: Spear             |       |    41 ||    41
       Kick              |       |    10 ||    10
 Fire: Shortbow          |   109 |   238 ||   347
  Use: Scroll            |       |     2 ||     2
       Potion            |       |     1 ||     1
  Eat: Chunk             |       |     4 ||     4
Armor: Leather armour    |     7 |    56 ||    63
Dodge: Dodged            |    16 |    54 ||    70

Table legend:
 A = Non-vault XP
 B = Vault XP
 C = Vault XP percentage of total XP
 D = Non-vault monster count
 E = Vault monster count
 F = Vault count percentage of total count
                 A         B        C        D         E       F
            +---------+---------+-------+---------+---------+-------
      Total |     169 |     429 |  71.7 |      45 |      72 |  61.5
            +---------+---------+-------+---------+---------+-------
        D:1 |      58 |       0 |   0.0 |      22 |       0 |   0.0
        D:2 |     107 |      37 |  25.7 |      22 |       1 |   4.3
        D:3 |       4 |      77 |  95.1 |       1 |       9 |  90.0
      Sewer |       0 |     315 | 100.0 |       0 |      62 | 100.0
            +---------+---------+-------+---------+---------+-------
